 Dungeon Sprint DCSS version 0.21.1-1-g345015f (webtiles) character file.

15900000 Larett the Axe Maniac (level 27, -36/298 HPs)
             Began as a Deep Dwarf Warper on June 14, 2018.
             Was the Champion of Makhleb.
             Annihilated by a fleshlord
             ... wielding a +9 great mace
              (305 damage)
             ... in the Dungeon (Sprint VIII: "Arena of Blood").
             The game lasted 00:06:48 (159 turns).

Larett the Axe Maniac (Deep Dwarf Warper)            Turns: 159, Time: 00:06:50

Health: -36/298    AC:  6    Str: 16    XL:     27
Magic:  54/54      EV: 35    Int: 17    God:    Makhleb [******]
Gold:   0          SH:  0    Dex: 21    Spells: 80/80 levels left

rFire    + . .     SeeInvis +   R - +∞ Axe of Woe
rCold    . . .     Gourm    .   (shield currently unavailable)
rNeg     + . .     Faith    .   b - +0 leather armour
rPois    .         Spirit   .   (no helmet)
rElec    .         Reflect  .   (no cloak)
rCorr    .         Harm     .   (no gloves)
MR       ++++.     NoTele   +   (no boots)
Stlth    +++++++++.             (no amulet)
HPRegen  0.00/turn              f - ring of protection from fire
MPRegen  0.34/turn              s - ring of see invisible

@: non-regenerating
A: damage resistance, heal wounds, negative energy resistance 1, sense
surroundings 3, no regeneration
a: Heal Wounds, Minor Destruction, Lesser Servant of Makhleb, Major Destruction,
Greater Servant of Makhleb, Renounce Religion


You were in the Dungeon.
You worshipped Makhleb.
Makhleb was exalted by your worship.
You were not hungry.

You visited 1 branch

Inventory:

Hand Weapons
 a - a +0 mace
 R - the +∞ Axe of Woe (weapon)
   (You found it in the Dungeon)
Missiles
 e - 5 tomahawks of dispersal (quivered) {!f}
Armour
 b - a +0 leather armour (worn)
Jewellery
 f - a ring of protection from fire (left hand)
 s - a ring of see invisible (right hand)
 y - a +100 ring of slaying
Scrolls
 B - a scroll of blinking
Potions
 j - 2 potions of magic
 k - a potion of berserk rage
Books
 c - a book of Spatial Translocations

   Spells                             Type                      Level
   a - Blink                          Translocation                2
   b - Shroud of Golubria             Charms/Translocation         2
   c - Lesser Beckoning               Translocation                3
   d - Gell's Gravitas                Translocation                3
   e - Teleport Other                 Translocation                3
   f - Passage of Golubria            Translocation                4
Comestibles
 S - a ration


   Skills:
 O Level 27 Fighting
 O Level 27 Axes
 O Level 27 Maces & Flails
 O Level 27 Throwing
 O Level 27 Armour
 O Level 27 Dodging
 O Level 27 Stealth
 O Level 27 Unarmed Combat
 O Level 27 Spellcasting
   Level 3.2 Translocations
 O Level 27 Invocations


You had 80 spell levels left.
You didn't know any spells.

Dungeon Overview and Level Annotations

Branches:
Dungeon (1/1)

Altars:
Makhleb


Innate Abilities, Weirdness & Mutations

You are resistant to damage.
You can heal yourself by infusing magical energy.
You resist negative energy. (rN+)
You passively map a large area around you.
You do not regenerate.


Message History

You barely resist.
You hear a shout! x2
The large bag of meat is engulfed in blazing flames.
You hear a shout! x2
You slice the scourge!!
You dissect the scourge like a pig carcass.
You kill the scourge!
Makhleb accepts your kill.
You feel better.
The scourge appears out of thin air!
A scourge comes into view.
You hear a shout!
The dread appears out of thin air!
A dread comes into view.
The observer gazes at you. Something smites you!
You hear a shout! x2
The large bag of meat is engulfed in blazing flames.
The fleshlord hits you with a +9 great mace!!!!!!
Ouch! That really hurt!
You die...

...............###))......
,
..........###.....).###...
, ,
...))).)....#.)%))..#.....,
, ...)))))))..#x.))...#..S
, ...#)))))).)))))).......,
, ..#.#.#.%.))...%%%......
, *
V.%#.#.................#
,,, ,,
..#.#.#..............##..
...#)#)....#.o.p@.2.#....,,
,,
...))).)...%.§§O.)..#...* *
.##..)))..##%#)§§§..W.G. ,
,
..##).)....).§.§§§......,,,
......####....#))...#### ,,
###...........)))...%.#. ,
####........)))...%...,,
####.....).%)......
################


You could see a reaper, an observer (invisible), a scourge (wandering), a
fleshlord, a large bag of meat (inner flame), a dread (wandering), a bag of meat
and a crawling corpse.

Vanquished Creatures
  7 hell knights (D)
  7 hell beasts (D)
  4 greater mummies (D)
  3 great orbs of eyes (D)
  7 wraiths (D)
  14 vampire knights (D)
  32 ogres (D)
  11 two-headed ogres (D)
  4 liches (D)
  A hydra (D)
  79 orcs (D)
  2 phantoms (D)
  6 skeletal warriors (D)
  7 sea snakes (D)
  2 large abominations (D)
  3 small abominations (D)
  3 crawling corpses (D)
192 creatures vanquished.

Vanquished Creatures (others)
  5 crawling corpses (D)
5 creatures vanquished.

Grand Total: 197 creatures vanquished

Notes
Turn   | Place    | Note
-------+----------+-------------------------------------------
     0 | D        | Found the +∞ Axe of Woe
     0 | D        | Larett the Deep Dwarf Warper began the quest for the Orb.
     0 | D        | Reached XP level 1. HP: 19/19 MP: 3/3
     4 | D        | Became a worshipper of Makhleb the Destroyer
     5 | D        | Noticed a bag of meat
     6 | D        | Noticed a bag of meat
     6 | D        | Noticed a meat berserker
     7 | D        | Noticed a meat berserker
     8 | D        | Killed a bag of meat
     8 | D        | Reached XP level 2. HP: 55/55 MP: 4/4
     8 | D        | Reached XP level 3. HP: 62/62 MP: 5/5
     8 | D        | Reached XP level 4. HP: 70/70 MP: 6/6
     8 | D        | Reached XP level 5. HP: 78/78 MP: 7/7
     8 | D        | Reached XP level 6. HP: 87/87 MP: 8/8
     8 | D        | Reached XP level 7. HP: 94/94 MP: 9/9
     8 | D        | Reached XP level 8. HP: 103/103 MP: 10/10
     8 | D        | Gained mutation: You passively map the area around you. [Deep Dwarf growth]
     8 | D        | Reached XP level 9. HP: 110/110 MP: 11/11
     8 | D        | Reached XP level 10. HP: 118/118 MP: 12/12
     8 | D        | Reached XP level 11. HP: 126/126 MP: 13/13
     9 | D        | Noticed a bag of meat
     9 | D        | Noticed a bag of meat
     9 | D        | Noticed a bag of meat
     9 | D        | Noticed a meat berserker
     9 | D        | Noticed a bag of meat
     9 | D        | Noticed a bag of meat
    10 | D        | Killed a meat berserker
    10 | D        | Reached * piety under Makhleb
    10 | D        | Reached XP level 12. HP: 92/146 MP: 14/14
    10 | D        | Reached XP level 13. HP: 97/153 MP: 15/15
    11 | D        | Noticed a bag of meat
    11 | D        | Noticed a bag of meat
    11 | D        | Noticed a bag of meat
    11 | D        | Killed a bag of meat
    11 | D        | Reached skill level 21 in Fighting
    11 | D        | Reached skill level 24 in Axes
    11 | D        | Gained mutation: You resist negative energy. (rN+) [Deep Dwarf growth]
    11 | D        | Reached XP level 14. HP: 164/166 MP: 16/16
    11 | D        | Killed a meat berserker
    11 | D        | Reached skill level 24 in Fighting
    11 | D        | Reached skill level 27 in Axes
    11 | D        | Reached skill level 21 in Dodging
    11 | D        | Reached XP level 15. HP: 181/181 MP: 17/17
    12 | D        | Noticed a large bag of meat
    12 | D        | Noticed a large bag of meat
    13 | D        | Noticed a meat berserker
    13 | D        | Reached ** piety under Makhleb
    14 | D        | Reached skill level 27 in Fighting
    14 | D        | Reached XP level 16. HP: 200/200 MP: 18/18
    14 | D        | Reached *** piety under Makhleb
    14 | D        | Reached skill level 27 in Dodging
    15 | D        | Noticed a meat berserker
    16 | D        | Reached skill level 12 in Stealth
    16 | D        | Reached skill level 12 in Invocations
    16 | D        | Reached skill level 15 in Stealth
    16 | D        | Reached skill level 15 in Invocations
    16 | D        | Reached XP level 17. HP: 208/208 MP: 18/31
    16 | D        | Reached skill level 15 in Armour
    16 | D        | Reached skill level 12 in Spellcasting
    16 | D        | Killed a meat berserker
    16 | D        | Reached **** piety under Makhleb
    16 | D        | Reached skill level 18 in Armour
    17 | D        | Killed a meat berserker
    17 | D        | Gained mutation: You passively map a large area around you. [Deep Dwarf growth]
    17 | D        | Reached XP level 18. HP: 218/218 MP: 18/38
    18 | D        | Killed a large bag of meat
    18 | D        | Reached skill level 18 in Spellcasting
    18 | D        | Killed a meat berserker
    18 | D        | Reached skill level 24 in Armour
    18 | D        | Reached skill level 27 in Stealth
    18 | D        | Reached skill level 27 in Invocations
    18 | D        | Reached XP level 19. HP: 226/226 MP: 18/43
    19 | D        | Noticed a meat berserker
    20 | D        | Reached ***** piety under Makhleb
    20 | D        | Reached skill level 21 in Spellcasting
    20 | D        | Killed a large bag of meat
    20 | D        | Reached skill level 27 in Armour
    20 | D        | Reached skill level 24 in Spellcasting
    22 | D        | Noticed a large bag of meat
    22 | D        | Killed a large bag of meat
    22 | D        | Reached skill level 27 in Spellcasting
    22 | D        | Reached XP level 20. HP: 173/236 MP: 19/51
    22 | D        | Reached skill level 12 in Throwing
    22 | D        | Reached skill level 12 in Unarmed Combat
    23 | D        | Noticed a large bag of meat
    24 | D        | Noticed a meat berserker
    25 | D        | Reached skill level 15 in Maces & Flails
    27 | D        | Reached skill level 15 in Throwing
    27 | D        | Reached skill level 15 in Unarmed Combat
    28 | D        | Noticed a large bag of meat
    28 | D        | Killed a meat berserker
    28 | D        | Reached skill level 18 in Throwing
    28 | D        | Reached skill level 18 in Unarmed Combat
    28 | D        | Reached XP level 21. HP: 244/244 MP: 21/52
    28 | D        | Reached ****** piety under Makhleb
    30 | D        | Noticed a large bag of meat
    30 | D        | Reached skill level 21 in Throwing
    30 | D        | Reached skill level 21 in Unarmed Combat
    32 | D        | Noticed a destroyer
    32 | D        | Noticed a destroyer
    32 | D        | Reached skill level 24 in Maces & Flails
    33 | D        | Killed a large bag of meat
    33 | D        | Reached skill level 24 in Throwing
    33 | D        | Reached skill level 24 in Unarmed Combat
    33 | D        | Reached XP level 22. HP: 254/254 MP: 22/53
    36 | D        | Noticed a destroyer
    36 | D        | Reached skill level 27 in Maces & Flails
    36 | D        | Reached skill level 27 in Throwing
    36 | D        | Reached skill level 27 in Unarmed Combat
    36 | D        | Killed a large bag of meat
    37 | D        | Noticed a destroyer
    37 | D        | Noticed a destroyer
    38 | D        | Killed a destroyer
    38 | D        | Reached XP level 23. HP: 262/262 MP: 24/54
    40 | D        | Noticed a destroyer
    40 | D        | Killed a destroyer
    40 | D        | Reached XP level 24. HP: 272/272 MP: 24/54
    40 | D        | Killed a large bag of meat
    41 | D        | Noticed a destroyer
    42 | D        | Reached XP level 25. HP: 280/280 MP: 25/54
    43 | D        | Noticed a large bag of meat
    43 | D        | Noticed a destroyer
    44 | D        | Killed a destroyer
    45 | D        | Killed a destroyer
    45 | D        | Killed a destroyer
    45 | D        | Reached XP level 26. HP: 290/290 MP: 25/54
    46 | D        | Noticed a large bag of meat
    47 | D        | Noticed a large bag of meat
    47 | D        | Noticed a destroyer
    48 | D        | Reached XP level 27. HP: 298/298 MP: 26/54
    48 | D        | Killed a destroyer
    49 | D        | Noticed a destroyer
    50 | D        | Killed a large bag of meat
    50 | D        | Killed a large bag of meat
    51 | D        | Killed a destroyer
    52 | D        | Noticed a tyrant
    52 | D        | Noticed a tyrant
    55 | D        | Noticed an accursed
    56 | D        | Killed a large bag of meat
    57 | D        | Noticed a tyrant
    58 | D        | Noticed a large bag of meat
    60 | D        | Killed a destroyer
    61 | D        | Killed a tyrant
    68 | D        | Noticed a destroyer
    68 | D        | Killed a tyrant
    69 | D        | Killed a tyrant
    74 | D        | Killed a destroyer
    80 | D        | Killed an accursed
    82 | D        | Killed a destroyer
    87 | D        | Noticed a dread
    88 | D        | Noticed a meat beast
    88 | D        | Noticed a dread
    90 | D        | Noticed a dread
    91 | D        | Killed a meat beast
    93 | D        | Killed a dread
    95 | D        | Noticed a tyrant
    95 | D        | HP: 10/298 [dread/damnation (21)]
    98 | D        | Noticed a meat beast
   102 | D        | Killed a dread
   103 | D        | Killed a meat beast
   104 | D        | Noticed an accursed
   105 | D        | Noticed a meat beast
   105 | D        | Killed a tyrant
   106 | D        | Noticed a meat beast
   107 | D        | Killed a destroyer
   110 | D        | Killed a dread
   110 | D        | Killed a meat beast
   112 | D        | Noticed a dread
   114 | D        | Noticed a destroyer
   120 | D        | Killed a meat beast
   121 | D        | Noticed an accursed
   122 | D        | Noticed a fleshlord
   122 | D        | Killed a destroyer
   128 | D        | Noticed a meat beast
   129 | D        | Noticed a meat beast
   129 | D        | Noticed a dread
   129 | D        | Killed a dread
   131 | D        | Killed an accursed
   132 | D        | Noticed a meat beast
   132 | D        | Killed a meat beast
   132 | D        | Killed a fleshlord
   133 | D        | Noticed a dread
   134 | D        | Killed a meat beast
   135 | D        | Noticed a destroyer
   135 | D        | Noticed a fleshlord
   136 | D        | Noticed a fleshlord
   136 | D        | Killed a meat beast
   136 | D        | Killed a dread
   138 | D        | Killed a dread
   138 | D        | Killed an accursed
   139 | D        | Noticed a fleshlord
   139 | D        | Noticed a fleshlord
   141 | D        | Killed a fleshlord
   141 | D        | Killed a destroyer
   142 | D        | Noticed a large bag of meat
   142 | D        | Killed a fleshlord
   143 | D        | Noticed a large bag of meat
   143 | D        | Noticed an accursed
   144 | D        | Noticed a fleshlord
   144 | D        | Noticed a dread
   145 | D        | Noticed a fleshlord
   145 | D        | Killed a fleshlord
   145 | D        | Killed a fleshlord
   147 | D        | HP: 20/298 [eight-headed meat hydra (11)]
   148 | D        | Killed a large bag of meat
   149 | D        | Killed a large bag of meat
   151 | D        | Killed a fleshlord
   152 | D        | Noticed a destroyer
   152 | D        | Noticed a fleshlord
   153 | D        | Killed a fleshlord
   154 | D        | Killed a dread
   157 | D        | Killed a destroyer
   157 | D        | Killed an accursed
   159 | D        | Noticed a dread
   159 | D        | Annihilated by a fleshlord

Skill      XL: |  1  2  3  4  5  6  7  8  9 10 11 12 13 14 15 16 17 18 19 20 21 22 |
---------------+-------------------------------------------------------------------+-----
Fighting       | 16 20 21 24 27 | 27.0
Axes           | 19 23 24 27 | 27.0
Dodging        | 14 17 19 21 26 27 | 27.0
Armour         | 13 20 24 27 | 27.0
Stealth        | 15 23 27 | 27.0
Spellcasting   | 10 16 20 27 | 27.0
Invocations    | 15 23 27 | 27.0
Maces & Flails | 11 20 25 27 | 27.0
Throwing       | 10 18 24 27 | 27.0
Unarmed Combat | 10 18 24 27 | 27.0
Translocations | |  3.2

Action                   |  1- 3 |  4- 6 |  7- 9 | 10-12 | 13-15 | 16-18 | 19-21 | 22-24 | 25-27 || total
-------------------------+-------+-------+-------+-------+-------+-------+-------+-------+-------++-------
Melee: Executioner's axe |     1 |       |       |     1 |     3 |     3 |     8 |     6 |    59 ||    81
  Use: Potion            |       |       |       |       |       |       |       |       |     3 ||     3
       Scroll            |       |       |       |       |       |       |       |       |     1 ||     1
Armor: Leather armour    |       |       |       |       |       |       |       |       |     6 ||     6
Dodge: Dodged            |       |       |       |       |       |       |       |     3 |    22 ||    25
